 Dungeon Crawl Stone Soup version 0.21-a0-43-g1479571 (webtiles) character file.

3434 Devintownsend the Cleaver (level 9, -1/81 HPs)
             Began as a Minotaur Fighter on Apr 29, 2017.
             Was an Initiate of Okawaru.
             Killed by divine providence
             ... invoked by a meliai
              (15 damage)
             ... on level 8 of the Dungeon on June 6, 2017.
             The game lasted 00:30:36 (8370 turns).

Devintownsend the Cleaver (Minotaur Fighter)        Turns: 8370, Time: 00:30:36

Health: -1/81      AC: 15    Str: 24    XL:     9   Next: 77%
Magic:  8/8        EV:  7    Int:  5    God:    Okawaru [......]
Gold:   230        SH: 10    Dex: 10    Spells: 8/8 levels left

rFire    . . .     SeeInvis .   a - +1 war axe
rCold    . . .     Gourm    .   c - +0 shield
rNeg     + . .     Faith    .   C - +3 scale mail
rPois    .         Spirit   .   (helmet restricted)
rElec    .         Reflect  .   o - +2 cloak
rCorr    .         Harm     .   (no gloves)
MR       .....                  (no boots)
Stlth    ..........             (no amulet)
Regen    0.3/turn               h - ring of positive energy
MPRegen  0.2/turn               (no ring)

@: lethally poisoned (-1 -> -6)
A: retaliatory headbutt, horns 2
a: Renounce Religion


You were on level 8 of the Dungeon.
You worshipped Okawaru.
Okawaru was noncommittal.
You were not hungry.

You visited 2 branches of the dungeon, and saw 10 of its levels.

You collected 405 gold pieces.
You spent 175 gold pieces at shops.

Inventory:

Hand Weapons
 a - a +1 war axe (weapon)
 q - a +1 antimagic hand axe
 v - a +0 dire flail
Armour
 b - a +0 scale mail
 c - a +0 shield (worn)
 d - a +0 plate armour
 g - a +0 chain mail
 o - a +2 cloak (worn)
 C - a +3 scale mail (worn)
Jewellery
 h - a ring of positive energy (left hand)
Wands
 r - a wand of polymorph (12/24)
 B - a wand of acid (2/15)
 D - a wand of flame (29/48)
Scrolls
 k - a scroll of amnesia
 m - a scroll of enchant armour
 s - a scroll of immolation
 t - 3 scrolls of identify
 w - a scroll of remove curse
 E - 2 scrolls of enchant weapon
Potions
 e - 5 potions of curing {unknown}
 j - 3 potions of haste {unknown}
 n - a potion of ambrosia {unknown}
 p - 4 potions of agility {unknown}
 u - a potion of brilliance {unknown}
 x - a potion of heal wounds
 z - a potion of mutation {unknown}
 F - a potion of lignification {unknown}
Books
 i - a book of Cantrips

   Spells                             Type                      Level
   a - Confusing Touch                Hexes                        1
   b - Animate Skeleton               Necromancy                   1
   c - Summon Small Mammal            Summoning                    1
   d - Apportation                    Translocation                1
Comestibles
 f - 4 bread rations
 l - 2 royal jellies
 A - 2 meat rations


   Skills:
 + Level 8.0 Fighting
 + Level 11.9 Axes
 + Level 9.7 Armour
 - Level 4.2 Shields


You had 8 spell levels left.
You didn't know any spells.

Dungeon Overview and Level Annotations

Branches:
Dungeon (9/15)             Temple (1/1) D:7
   Lair: D:8-11         Orc: D:9-12

Altars:
Ashenzari
Cheibriados
Dithmenos
Fedhas
Gozag
Hepliaklqana
Kikubaaqudgha
Nemelex Xobeh
Okawaru
Qazlal
Ru
Sif Muna
Trog
Uskayaw
Vehumet
Wu Jian
Xom
Yredelemnul
Zin
The Shining One

Shops:
D:9 *

Annotations:
D:5 Prince Ribbit
D:8 1 transporter


Innate Abilities, Weirdness & Mutations

You reflexively headbutt those who attack you in melee.
You have a pair of horns on your head.


Message History

You feel sick.
The meliai hits you with an enchanted hand axe.
The meliai barely misses you.
You hit the meliai but do no damage.
The meliai is severely wounded.
You feel sick. The meliai hits you but does no damage.
The meliai stings you but does no damage.
The meliai hits you but does no damage. The meliai closely misses you.
You barely miss the meliai.
The meliai is severely wounded.
You feel sick.
The meliai hits you with an enchanted hand axe.
* * * LOW HITPOINT WARNING * * *
The meliai stings you but does no damage.
The meliai hits you but does no damage. The meliai closely misses you.
You feel sick. The meliai barely misses you. The meliai stings you.
* * * LOW HITPOINT WARNING * * *
The meliai mumbles some strange prayers to its god against you.
Something smites you!
You die...

############# #.#
#.#...........## #.#
#...#########..# #.#
#..##..(@...##.# #.#
#..#8.O#y#Z.8#.# #.#
#..#$$#ZZ.#..#.## #.#
#..#_$.......#..####.#
...#.$.......#©.....>#
#..#_!....../#...###.#
##.#$/#...#..#....##.#
#?#8..#.#..8#..#.##.#
#.##...[...##..#.##.#


You could see an ogre, a meliai, a quokka simulacrum, a bullfrog zombie and a
jackal skeleton.

Vanquished Creatures
  Sigmund (D:3)
  A hungry ghost (D:7)
  2 orc warriors
  3 sky beasts
  4 ice beasts
  2 phantoms
  5 ogres
  A big kobold (D:7)
  6 bullfrogs
  2 wyvern zombies
  3 scorpions
  An oklob sapling (D:7)
  An electric eel (D:8)
  A howler monkey (D:4)
  2 crimson imps
  3 jellies
  4 hounds
  A quasit (D:7)
  A centaur skeleton (D:5)
  An orc priest (D:8)
  An iguana (D:6)
  Ijyb (D:3)
  2 orc wizards (D:7)
  6 worker ants
  A hound zombie (D:7)
  A howler monkey zombie (D:5)
  A worker ant zombie (D:7)
  7 gnolls
  5 adders
  2 shadow imps
  2 oozes
  2 adder zombies
  2 adder skeletons
  3 dart slugs
  6 leopard geckos
  12 orcs
  4 giant cockroaches
  11 goblins
  7 hobgoblins
  3 quokkas
  2 ball pythons (D:2)
  7 bats
  2 frilled lizards
  12 kobolds
  9 rats
  8 plants
164 creatures vanquished.

Vanquished Creatures (others)
  An orc (D:8)
1 creature vanquished.

Grand Total: 165 creatures vanquished

Notes
Turn   | Place    | Note
-------+----------+-------------------------------------------
     0 | D:1      | Devintownsend the Minotaur Fighter began the quest for the Orb.
     0 | D:1      | Reached XP level 1. HP: 19/19 MP: 0/0
   242 | D:1      | Reached XP level 2. HP: 27/27 MP: 1/1
   613 | D:1      | Reached XP level 3. HP: 33/33 MP: 2/2
   911 | D:2      | Reached skill level 3 in Axes
  1567 | D:2      | Reached XP level 4. HP: 41/41 MP: 3/3
  1916 | D:3      | Noticed Ijyb
  1931 | D:3      | Killed Ijyb
  1931 | D:3      | Reached skill level 4 in Axes
  2269 | D:3      | Noticed Sigmund
  2289 | D:3      | Killed Sigmund
  2289 | D:3      | Reached skill level 5 in Fighting
  2289 | D:3      | Reached skill level 5 in Axes
  2289 | D:3      | Reached XP level 5. HP: 36/48 MP: 4/4
  2289 | D:3      | Reached XP level 6. HP: 43/56 MP: 5/5
  2986 | D:4      | Found a stormy altar of Qazlal.
  3098 | D:4      | Found a shadowy altar of Dithmenos.
  3099 | D:4      | Found a blossoming altar of Fedhas.
  3320 | D:4      | Reached skill level 6 in Axes
  3320 | D:4      | Reached skill level 5 in Armour
  3425 | D:4      | Reached XP level 7. HP: 53/61 MP: 6/6
  3553 | D:4      | Reached skill level 7 in Axes
  3725 | D:5      | Entered Level 5 of the Dungeon
  4186 | D:5      | Reached skill level 8 in Axes
  4256 | D:5      | Reached XP level 8. HP: 70/70 MP: 7/7
  4668 | D:5      | Noticed Prince Ribbit
  5033 | D:5      | Reached skill level 9 in Axes
  5324 | D:6      | Upgraded the game from 0.20-a0-1075-gc475d56 to 0.21-a0-43-g1479571
  5380 | D:6      | Found a basalt altar of Yredelemnul.
  5395 | D:6      | Found an opulent altar of Gozag.
  5705 | D:6      | Reached skill level 10 in Axes
  5974 | D:7      | Reached XP level 9. HP: 64/78 MP: 8/8
  6058 | D:7      | Found a staircase to the Ecumenical Temple.
  6079 | D:7      | HP: 3/78 [acid (9)]
  6555 | D:7      | Reached skill level 11 in Axes
  6981 | Temple   | Entered the Ecumenical Temple
  7057 | Temple   | Became a worshipper of Warmaster Okawaru
  8068 | D:9      | Found Laje's General Store.
  8212 | D:9      | Bought a potion of heal wounds for 50 gold pieces
  8212 | D:9      | Bought a scroll of enchant weapon for 75 gold pieces
  8212 | D:9      | Bought a potion of heal wounds for 50 gold pieces
  8231 | D:8      | Found a transporter.
  8236 | D:8      | Found a transporter.
  8351 | D:8      | Noticed a meliai
  8351 | D:8      | Found a glowing golden altar of the Shining One.
  8351 | D:8      | Found an ornate altar of the Wu Jian Council.
  8370 | D:8      | Killed from afar by a meliai

Vault maps used:
D:1:      lemuel_arrival_muddy, serial_curves, eino_curves_03, eino_curves_02,
          eino_curves_01, solitary_fountain
D:2:      wad_lake_hut
D:3:      wad_pebble_path, serial_co_window_serial, co_window_paths_b,
          co_window_of_opportunity_a, co_window_corner_a, co_window_paths_b,
          co_window_corner_a, co_window_of_opportunity_a,
          co_window_unsneaky_path_d, co_window_broadway_c,
          co_window_of_opportunity_c, co_window_4corner_a, co_window_paths_e,
          glass_columns_a, glass_columns_a, kennysheep_generic_room_12,
          uniq_ijyb, uniq_sigmund
D:4:      grunt_temple_overflow_open, first_bread
D:5:      minmay_crystal_water, uniq_prince_ribbit1
D:6:      yredelemnul_altar_generic, hex_large, nicolae_gozag_seed_capital
D:7:      minmay_temple_entry_oklob
D:8:      gammafunk_temple_overflow_arena, kennysheep_little_box, special_room,
          grunt_ogre_cave, dk_noncrumbling_3, chequers_big_river, st_stairs_12,
          uniq_psyche
D:9:      lemuel_round_altar, lair_entry_dummy, serial_shops, kennysheep_mini,
          shop, nicolae_shop_crystal, shop_statue
Temple:   nicolae_temple_figure_eight

Skill      XL: |  1  2  3  4  5  6  7  8  9 |
---------------+----------------------------+-----
Fighting       | 4 5 6 8 |  8.0
Shields        | 4 |  4.2
Armour         | 4 5 6 8 9 |  9.7
Axes           | 3 5 6 8 10 11 | 11.9

Action                   |  1- 3 |  4- 6 |  7- 9 || total
-------------------------+-------+-------+-------++-------
Melee: War axe           |   113 |    85 |   442 ||   640
       Headbutt          |    16 |    11 |    87 ||   114
  Use: Scroll            |     1 |       |    12 ||    13
       Potion            |       |     1 |     4 ||     5
  Eat: Chunk             |     2 |     4 |    10 ||    16
       Royal jelly       |       |     1 |       ||     1
       Bread ration      |       |       |     1 ||     1
       Meat ration       |       |       |     1 ||     1
Armor: Scale mail        |    51 |       |   116 ||   167
       Chain mail        |     2 |    44 |    83 ||   129
Dodge: Dodged            |    33 |    19 |    90 ||   142
Block: Shield            |    72 |    49 |   178 ||   299
